 Dungeon Crawl Stone Soup version bcrawl-1.32 (webtiles) character file.

Game seed: 8087576024710513247

518009 Morbidden the Fighter (level 15, -19/138 HPs)
             Began as a Hill Orc Archaeologist on June 30, 2021.
             Was a High Priest of Beogh.
             Killed from afar by a frost giant (44 damage)
             ... with a bolt of cold
             ... on level 1 of the Shoals on July 1, 2021.
             The game lasted 00:50:07 (19303 turns).

Morbidden the Fighter (Hill Orc Archaeologist)     Turns: 19303, Time: 00:50:08

Health: -19/138    AC: 27    Str: 21    XL:     15   Next: 27%
Magic:  24/24      EV:  8    Int: 14    God:    Beogh [*****.]
Gold:   2891       SH: 14    Dex:  9    Spells: 10/16 levels left

rFire    + + +     SeeInvis .   a - +6 broad axe (venom)
rCold    . . .     Gourm    .   J - +3 medium shield {rF+}
rNeg     . . .     Faith    .   V - +4 chain mail {rF+}
rPois    .         Spirit   .   S - +1 hat
rElec    .         Reflect  .   r - +0 cloak
rCorr    .         Harm     .   W - +0 pair of gloves
MR       +....                  z - +1 pair of boots
Stlth    ..........             F - amulet of regeneration
HPRegen  1.05/turn              n - ring of protection from fire
MPRegen  0.19/turn              X - +4 ring of protection

@: studying Hexes
A: walk on water
a: Smiting, Recall Orcish Followers, Give Item to Named Follower, Renounce
Religion


You were on level 1 of the Shoals.
You worshipped Beogh.
Beogh was extremely pleased with you.
You were not hungry.

You visited 4 branches of the dungeon, and saw 20 of its levels.
You also visited: Sewer, Ossuary and Volcano.

You collected 3492 gold pieces.
You spent 601 gold pieces at shops.

Inventory:

Hand Weapons
 a - a +6 broad axe of venom (weapon)
 b - a +0 blowgun
 h - a +1 dagger of flaming
Missiles
 f - 30 curare-tipped needles
 s - 1437 poisoned tomahawks (quivered)
 C - 269 poisoned needles
 G - a throwing net {=f}
Armour
 r - a +0 cloak (worn)
 z - a +1 pair of boots (worn)
 J - a +3 medium shield of fire resistance (worn)
 S - a +1 hat (worn)
 V - a +4 chain mail of fire resistance (worn)
 W - a +0 pair of gloves (worn)
Jewellery
 n - a ring of protection from fire (left hand)
 F - an amulet of regeneration (around neck)
 T - an uncursed ring of protection from fire
 X - a +4 ring of protection (right hand)
Wands
 D - a wand of disintegration (27)
 I - a wand of paralysis (7)
 N - a wand of random effects (45)
 U - a wand of iceblast (5)
Scrolls
 g - 4 scrolls of magic mapping
 i - 15 scrolls of identify
 k - 6 scrolls of amnesia
 l - 7 scrolls of fear
 o - 11 scrolls of remove curse
 q - 12 scrolls of teleportation
 y - 3 scrolls of immolation
 O - a scroll of noise
 Q - 3 scrolls of enchant weapon
 R - a scroll of enchant armour
Potions
 j - a potion of invisibility
 m - 5 potions of curing
 t - 6 potions of haste
 u - 3 potions of lignification {unknown}
 v - 3 potions of agility {unknown}
 x - 4 potions of mutation {unknown}
 A - a potion of degeneration
 B - a potion of magic
 E - a potion of might {unknown}
 H - 2 potions of flight {unknown}
 K - 5 potions of brilliance
 L - 5 potions of resistance
 P - a potion of cancellation {unknown}
 Y - 3 potions of heal wounds
 Z - 3 potions of berserk rage
Miscellaneous
 c - a lamp of fire (inert)
 d - a phantom mirror
 M - a sack of spiders
Comestibles
 e - 40 rations {!d}
 p - a chunk of flesh


   Skills:
 * Level 14.0 Fighting
   Level 14.0 Short Blades
   Level 14.0 Long Blades
   Level 14.0 Axes
   Level 14.0 Maces & Flails
   Level 14.0 Polearms
   Level 14.0 Staves
 + Level 2.6 Throwing
 + Level 12.4 Armour
 + Level 6.8 Dodging
 + Level 6.3 Stealth
 * Level 10.1 Shields
   Level 14.0 Unarmed Combat
 * Level 1.4 Spellcasting
 * Level 0.1 Conjurations
 * Level 0.8 Earth Magic
 * Level 13.0 Invocations
 + Level 1.2 Evocations


You had 10 spell levels left.
You knew the following spells:

 Your Spells              Type           Power        Failure   Level  Hunger
a - Iron Shot             Conj/Erth      #.........   100%        6    #######

Your spell library contained the following spells:

 Spells                   Type           Power        Failure   Level  Hunger
 Sandblast                Erth           #.....       99%         1    None
 Magic Dart               Conj           #...         100%        1    None
 Blink                    Tloc           N/A          100%        2    ###....
 Call Imp                 Summ           #.....       100%        2    ###....
 Passwall                 Tmut/Erth      #.......     100%        2    ###....
 Searing Ray              Conj           #.......     100%        2    ###....
 Conjure Flame            Conj/Fire      #.......     100%        3    #####..
 Iskenderun's Mystic Bla  Conj           #.......     100%        3    #####..
 Mephitic Cloud           Conj/Pois/Air  #.......     100%        3    #####..
 Spider Form              Tmut/Pois      #..          100%        3    #####..
 Stone Arrow              Conj/Erth      #.....       100%        3    #####..
 Fulminant Prism          Conj/Hex       #.........   100%        4    ######.
 Petrify                  Tmut/Erth      #.........   100%        4    ######.
 Bolt of Magma            Conj/Fire/Erth #.........   100%        5    #######
 Irradiate                Conj/Tmut      #.........   100%        5    #######
 Lee's Rapid Deconstruct  Erth           #.........   100%        5    #######
 Borgnjor's Vile Clutch   Necr/Erth      #.........   100%        6    #######
 Statue Form              Tmut/Erth      #........    100%        6    #######
 Tornado                  Tloc/Air       #.........   100%        8    #######
 Shatter                  Erth           #.........   100%        9    #######


Dungeon Overview and Level Annotations

Branches:
Dungeon (12/12)            Temple (0/1) D:6            Lair (6/6) D:8
 Shoals (1/3) Lair:3       Spider (0/3) Lair:2        Slime (0/5) Lair:5
    Orc (1/1) D:9             Elf (0/3) Orc          Vaults (0/3) D:12
 Depths (0/5) D:12

Altars:
Fedhas
Hepliaklqana
Kikubaaqudgha
Qazlal
Uskayaw
Xom
Yredelemnul
The Shining One
Jiyva

Shops:
D:6 =   Orc :!([!

Annotations:
D:3 3 runed translucent doors, Nacht's ghost, amateur AvRe
D:10 3 runed translucent doors, Morbidden's ghost, journeyman VSAc; Urug
Lair:1 exclusion: 2 oklob plants
Lair:6 exclusion: 4 oklob plants


Message History

You block the frost giant's attack.
You block the satyr simulacrum's attack.
Ortolf shoots a bolt.
The bolt hits the frost giant!
The merfolk simulacrum hits you! The merfolk simulacrum freezes you!!
* * * LOW HITPOINT WARNING * * *
The alligator snapping turtle simulacrum bites you but does no damage.
No path to travel!
No path to travel!
No path to travel!
No path to travel!
No path to travel!
No path to travel!
Unknown command.
Unknown command.
Unknown command.
Unknown command.
Unknown command.
The frost giant points at you and mumbles some strange words.
The bolt of cold hits you!!!
You die...

.?.........≈.........≈≈≈≈
...........≈≈≈≈≈..#....≈≈
............≈≈≈.≈......≈≈
≈≈≈≈≈≈#######.....÷≈≈≈≈...#.≈≈≈
≈≈≈≈≈≈#!≈≈ZZ#......≈≈≈≈≈..#....
≈≈≈≈≈≈#|wZZZZ.Z....≈≈≈≈≈.......
≈≈≈≈≈≈#[ZZZZZ.Z....≈≈≈≈≈≈.....≈
≈≈≈≈≈≈#ZZZZZC.Z...>≈≈≈≈≈≈≈.....
≈≈≈≈≈≈≈#[ZZZZ#.@≈≈≈≈≈≈≈≈≈≈≈≈≈...
≈≈≈≈≈≈≈≈#######o≈≈≈≈≈≈≈≈≈≈≈≈≈.###
≈≈≈≈≈≈≈≈≈.)....≈≈≈≈≈≈≈≈≈≈≈≈≈..# #
≈≈≈≈≈≈≈≈≈.....≈≈≈≈≈≈≈≈≈≈≈≈≈≈..# #
≈≈≈≈≈≈≈≈≈....≈≈≈≈≈≈≈≈≈≈≈≈≈≈...# #
≈≈≈≈≈≈≈≈≈≈..≈≈≈≈≈≈≈≈≈≈≈≈≈≈≈≈..###
≈≈≈≈≈≈≈≈≈≈≈≈≈≈≈≈≈≈≈≈≈≈≈≈≈≈≈≈...##
≈≈≈≈≈≈≈≈≈≈≈≈≈≈≈≈≈≈≈≈≈≈≈≈≈≈≈≈...#.
≈≈≈≈≈≈≈≈≈≈≈≈≈≈≈≈≈≈≈≈≈≈≈≈≈≈≈≈≈..PP


You could see a frost giant, a tentacle, a sea snake simulacrum, a death yak
simulacrum, 5 manticore simulacra, 3 harpy simulacra, a snapping turtle
simulacrum, 3 alligator snapping turtle simulacra, a merfolk simulacrum, 2
cyclops simulacra, a kraken simulacrum, 3 faun simulacra, 2 satyr simulacra and
the friendly Ortolf the orc knight.

Vanquished Creatures
  A dire elephant (Lair:6)
  An ettin (D:12)
  2 merfolk impalers (Shoals:1)
  Urug (D:10)
  3 vault guards (D:12)
  3 hydras
  2 catoblepae
  Erolcha (D:9)
  An ogre mage (D:12)
  A merfolk avatar (Lair:6)
  2 two-headed ogres
  A centaur warrior (D:12)
  A tengu warrior (D:12)
  A sea snake (Shoals:1)
  3 orc high priests (Orc)
  2 cyclopes (D:12)
  5 orc knights
  Pikel (D:9)
  A harpy (Lair:6)
  2 ugly things (D:12)
  A wolf spider (Lair:2)
  2 elephants
  A merfolk siren (Shoals:1)
  2 black mambas (Lair:6)
  4 gargoyles
  A torpor snail (Lair:6)
  4 cane toads
  A molten gargoyle (Volcano)
  A centaur skeleton (D:10)
  5 rime drakes
  2 yaktaurs (D:12)
  2 kobold demonologists (D:12)
  3 komodo dragons
  3 polar bears
  2 merfolk
  4 trolls
  A jumping spider (Lair:2)
  3 hornets
  A blink frog (Lair:3)
  Grinder (D:4)
  A snapping turtle (Shoals:1)
  3 dream sheep
  3 hippogriffs
  Sigmund (D:4)
  A meliai zombie (D:10)
  A redback (Lair:2)
  20 yaks
  3 wyverns
  A basilisk (Lair:6)
  A fire elemental (Volcano)
  Grum (D:10)
  An alligator snapping turtle simulacrum (Shoals:1)
  A steam dragon (Lair:4)
  2 wargs (D:8)
  Edmund (D:4)
  6 water moccasins
  10 crocodiles
  A water moccasin (shapeshifter) (D:12)
  4 porcupines
  3 black bears
  3 ice beasts
  A phantom (D:4)
  11 orc warriors
  5 sky beasts
  2 slaves (D:9)
  A necrophage (D:10)
  6 wolves
  9 ogres
  4 boggarts (Lair:5)
  5 centaurs
  4 bullfrogs
  3 big kobolds (D:8)
  A gnoll sergeant (D:9)
  16 scorpions
  3 wights (D:7)
  2 howler monkeys
  4 centaur zombies
  6 crimson imps
  7 hounds
  3 human zombies (Ossuary)
  A quasit (D:7)
  2 bullfrog skeletons
  11 jellies
  5 orc priests
  2 orc wizards
  4 iguanas
  5 worker ants
  5 big kobold zombies (Ossuary)
  A hound skeleton (D:4)
  A howler monkey zombie (D:6)
  3 mummies (Ossuary)
  A worker ant zombie (D:6)
  8 gnolls
  A howler monkey skeleton (D:9)
  9 adders
  4 scorpion zombies (Ossuary)
  2 shadow imps (D:7)
  2 oozes
  An adder skeleton (D:5)
  7 worms
  6 dart slugs
  5 leopard geckos
  13 orcs
  15 bats
  2 giant cockroaches
  5 gnoll zombies
  5 goblins
  9 hobgoblins
  10 jackals
  3 quokkas
  11 ball pythons
  3 frilled lizards
  2 hobgoblin zombies (Ossuary)
  29 kobolds
  7 kobold skeletons (D:8)
  10 kobold zombies
  5 rats
  2 fungi
  3 plants (Lair:6)
460 creatures vanquished.

Vanquished Creatures (collateral kills)
  A vault guard (D:12)
  An ogre mage (D:12)
  3 centaur warriors
  7 hydras
  A two-headed ogre (D:12)
  A merfolk avatar (Shoals:1)
  A sea snake (Shoals:1)
  An orc high priest (Orc)
  3 tengu warriors (D:12)
  A goliath frog (Lair:6)
  A hell knight (D:12)
  3 cyclopes
  3 orc knights (Orc)
  3 manticores
  A merfolk siren (Shoals:1)
  9 elephants
  A centaur zombie (D:11)
  2 black mambas
  A gargoyle (D:9)
  4 cane toads
  2 centaur skeletons (D:11)
  2 rime drakes (Lair:6)
  3 komodo dragons
  2 yaktaurs (D:12)
  2 kobold demonologists
  A jumping spider (Lair:2)
  3 meliai (D:10)
  A tengu conjurer (D:10)
  A troll (D:12)
  3 polar bears (Lair:6)
  7 dream sheep
  2 blink frogs (Lair:3)
  6 hippogriffs
  A water elemental (Shoals:1)
  A wyvern (Lair:6)
  15 yaks
  A basilisk (Lair:3)
  6 crocodiles
  2 wargs
  An acid dragon (D:12)
  4 water moccasins
  A porcupine (Lair:2)
  2 slaves (D:9)
  8 orc warriors
  A sky beast (D:8)
  2 ogres
  6 wolves
  2 centaurs
  4 big kobolds (D:8)
  4 bullfrogs
  A wight (D:8)
  A howler monkey (D:6)
  A crimson imp (D:9)
  A hound (D:8)
  5 jellies (Lair:5)
  12 orc priests (Orc)
  3 iguanas
  7 orc wizards
  7 worker ants
  8 gnolls
  2 adders
  2 shadow imps (D:8)
  An ooze (Lair:5)
  An adder zombie (D:9)
  25 orcs
  A goblin (D:5)
  A hobgoblin (D:5)
  8 kobolds
  A kobold skeleton (D:8)
  A kobold zombie (D:8)
  3 fungi
  11 plants
247 creatures vanquished.

Vanquished Creatures (others)
  3 orc knights
  3 orc wizards (Orc)
  5 orc warriors
  A scorpion (Ossuary)
  14 orc priests
  43 orcs
  3 fungi (Lair:6)
  8 plants
80 creatures vanquished.

Grand Total: 787 creatures vanquished

Notes
Turn   | Place    | Note
-------+----------+-------------------------------------------
     0 | D:1      | Morbidden the Hill Orc Archaeologist began the quest for
                  | the Orb.
     0 | D:1      | Reached XP level 1. HP: 16/16 MP: 1/1
   172 | D:1      | Reached XP level 2. HP: 20/23 MP: 2/2
   376 | D:1      | Reached XP level 3. HP: 28/28 MP: 3/3
  1337 | D:2      | Reached XP level 4. HP: 35/36 MP: 4/4
  1649 | D:2      | Reached skill level 2 in Fighting
  1953 | D:3      | Became a worshipper of Beogh the Brigand
  1967 | D:3      | Reached XP level 5. HP: 22/42 MP: 5/5
  1967 | D:3      | Identified a scroll of acquirement
  2039 | D:2      | Identified the ring of Kikubaaqudgha's Esteem {*Slow rN+++
                  | Str+7 Int-2 SInv} (You acquired it on level 2 of the
                  | Dungeon)
  2144 | D:3      | Found a faded altar of an unknown god.
  2144 | D:3      | Found a hazy altar of Hepliaklqana.
  2217 | D:3      | Found a runed translucent gate.
  2217 | D:3      | Found a runed translucent gate.
  2217 | D:3      | Found a runed translucent gate.
  2222 | D:3      | Noticed Nacht's ghost (amateur AvRe)
  2372 | D:3      | Noticed a centaur
  2386 | D:3      | Reached XP level 6. HP: 33/50 MP: 6/6
  2392 | D:3      | Reached skill level 3 in Fighting
  2392 | D:3      | Reached skill level 1 in Invocations
  2871 | D:3      | Found a stormy altar of Qazlal.
  2926 | D:4      | Reached * piety under Beogh
  3017 | D:4      | Noticed Sigmund
  3246 | D:4      | Noticed Grinder
  3248 | D:4      | Reached XP level 7. HP: 50/57 MP: 8/8
  3267 | D:4      | Killed Grinder
  3268 | D:4      | Reached skill level 4 in Fighting
  3268 | D:4      | Reached skill level 5 in Stealth
  3356 | D:4      | Noticed Edmund
  3366 | D:4      | Killed Edmund
  3367 | D:4      | Reached XP level 8. HP: 36/67 MP: 10/10
  3575 | D:4      | Killed Sigmund
  3576 | D:4      | Reached skill level 5 in Fighting
  3576 | D:4      | Reached skill level 1 in Throwing
  4001 | D:4      | Reached skill level 6 in Fighting
  4247 | D:5      | Entered Level 5 of the Dungeon
  4302 | D:5      | Found a sand-covered staircase.
  4306 | Ossuary  | Entered an ossuary
  4332 | Ossuary  | Reached XP level 9. HP: 69/75 MP: 12/12
  4342 | Ossuary  | Reached skill level 5 in Dodging
  4378 | Ossuary  | Reached ** piety under Beogh
  4449 | Ossuary  | Reached skill level 5 in Invocations
  4452 | Ossuary  | Reached skill level 1 in Armour
  4466 | Ossuary  | Reached skill level 7 in Fighting
  4690 | D:5      | Found a glowing drain.
  4699 | Sewer    | Entered a sewer
  4704 | Sewer    | Reached *** piety under Beogh
  5093 | D:5      | Found a hide-covered altar of Uskayaw.
  5189 | D:5      | Found a basalt altar of Yredelemnul.
  5306 | D:5      | Found an ancient bone altar of Kikubaaqudgha.
  5771 | D:6      | Reached skill level 8 in Fighting
  5793 | D:6      | Reached XP level 10. HP: 57/88 MP: 14/14
  5963 | D:6      | Found a staircase to the Ecumenical Temple.
  6127 | D:6      | Found Lojyopsu's Jewellery Boutique.
  6130 | D:6      | Bought an uncursed amulet of regeneration for 416 gold
                  | pieces
  6153 | D:6      | Noticed a gargoyle
  6161 | D:6      | Killed a gargoyle
  6221 | D:6      | Found a shimmering altar of Xom.
  6300 | D:6      | Found a glowing golden altar of the Shining One.
  6300 | D:6      | Found a hide-covered altar of Uskayaw.
  6656 | D:7      | Reached **** piety under Beogh
  6686 | D:7      | Reached skill level 9 in Fighting
  7037 | D:7      | Gained Ortolf as an ally
  7232 | D:8      | Reached skill level 5 in Armour
  7396 | D:8      | Found a staircase to the Lair.
  7531 | D:8      | Found a blossoming altar of Fedhas.
  7683 | D:8      | Reached XP level 11. HP: 99/99 MP: 16/16
  7793 | D:8      | Reached ***** piety under Beogh
  7799 | D:8      | Reached skill level 10 in Fighting
  7800 | D:8      | Found an ancient bone altar of Kikubaaqudgha.
  8026 | D:9      | Noticed Erolcha
  8035 | D:9      | Killed Erolcha
  8474 | D:9      | Noticed Pikel
  8483 | D:9      | Killed Pikel
  8779 | D:9      | Found a staircase to the Orcish Mines.
  8908 | D:10     | Entered Level 10 of the Dungeon
  8983 | D:10     | Noticed Grum
  8987 | D:10     | Killed Grum
  9058 | D:10     | Noticed a seven-headed hydra
  9065 | D:10     | Killed a nine-headed hydra
  9125 | D:10     | Noticed a six-headed hydra
  9133 | D:10     | Killed a nine-headed hydra
  9205 | D:10     | Reached skill level 11 in Fighting
  9301 | D:10     | Found a runed translucent gate.
  9302 | D:10     | Found a runed translucent gate.
  9306 | D:10     | Found a runed translucent gate.
  9309 | D:10     | Noticed Morbidden's ghost (journeyman VSAc)
  9358 | D:10     | Noticed Urug
  9369 | D:10     | Your ally died
  9388 | D:10     | Noticed a cyclops
  9396 | D:10     | Killed a cyclops
  9453 | D:10     | Noticed a two-headed ogre
  9459 | D:10     | Killed a two-headed ogre
  9633 | D:11     | Reached XP level 12. HP: 110/110 MP: 18/18
  9818 | D:11     | Noticed a centaur warrior
  9826 | D:11     | Killed a centaur warrior
 10113 | D:12     | Entered Level 12 of the Dungeon
 10113 | D:12     | Noticed a tengu warrior
 10118 | D:12     | Noticed a centaur warrior
 10120 | D:12     | Killed a tengu warrior
 10123 | D:12     | Killed a centaur warrior
 10125 | D:12     | Noticed an ettin
 10127 | D:12     | Killed an ettin
 10127 | D:12     | Noticed an ogre mage
 10130 | D:12     | Killed an ogre mage
 10340 | D:12     | Found a gate to the Vaults.
 10340 | D:12     | Noticed a vault guard
 10340 | D:12     | Noticed a vault guard
 10340 | D:12     | Noticed a vault guard
 10340 | D:12     | Noticed a vault guard
 10345 | D:12     | Reached skill level 12 in Fighting
 10347 | D:12     | Reached skill level 10 in Invocations
 10351 | D:12     | Killed a vault guard
 10367 | D:12     | Killed a vault guard
 10367 | D:12     | Gained Learuk as an ally
 10386 | D:12     | Killed a vault guard
 10389 | D:12     | Killed a vault guard
 10522 | D:12     | Found a staircase to the Depths.
 10536 | D:12     | Noticed a sun demon
 10536 | D:12     | Noticed a tengu warrior
 10539 | D:12     | Noticed a sun demon
 10541 | D:12     | Noticed a tengu warrior
 10542 | D:12     | Killed a tengu warrior
 10544 | D:12     | Reached skill level 1 in Shields
 10544 | D:12     | HP: 5/113 [sun demon[a kobold demonologist] (8)]
 10546 | D:12     | Reached XP level 13. HP: 25/119 MP: 13/20
 10650 | D:12     | Reached skill level 10 in Armour
 11593 | Lair:1   | Entered Level 1 of the Lair of Beasts
 11595 | Lair:1   | Got an ichor-stained flail
 11799 | Lair:1   | Reached skill level 13 in Fighting
 11917 | Lair:1   | Got a masterwork quarterstaff
 11918 | Lair:1   | Identified the +2 quarterstaff of the Ass {venom, rF- rC++
                  | rN+++} (You found it on level 1 of the Lair of Beasts)
 12422 | Lair:2   | Reached skill level 1 in Evocations
 12707 | Lair:2   | Found a hole to the Spider Nest.
 13279 | Lair:3   | Gained Grimold as an ally
 13340 | Lair:3   | Found a staircase to the Shoals.
 13369 | Lair:3   | Reached skill level 5 in Shields
 13646 | Lair:3   | Got a scorched flail
 13837 | Lair:3   | Reached ****** piety under Beogh
 14228 | Lair:4   | Reached XP level 14. HP: 122/129 MP: 22/22
 14843 | Lair:5   | Found a dark tunnel.
 14864 | Lair:5   | Found a staircase to the Slime Pits.
 14895 | Volcano  | Entered a volcano
 15229 | Lair:5   | Found a viscous altar of Jiyva.
 15800 | Lair:6   | Entered Level 6 of the Lair of Beasts
 16071 | Lair:6   | Got a fading war axe
 16072 | Lair:6   | Identified the cursed +0 war axe of Gayst {freeze, rPois}
                  | (You found it on level 6 of the Lair of Beasts)
 16573 | Lair:6   | Identified the Disquisition on Warped Earth
 16852 | Lair:6   | Noticed a dire elephant
 16864 | Lair:6   | Killed a dire elephant
 17380 | Orc      | Entered the Orcish Mines
 17598 | Orc      | Gained Orgrim as an ally
 17685 | Orc      | Reached XP level 15. HP: 133/137 MP: 24/24
 17742 | Orc      | Gained Olfik as an ally
 17775 | Orc      | Gained Zorug as an ally
 17781 | Orc      | Found Giustrut's Book Shoppe.
 17783 | Orc      | Your ally Zorug died
 17805 | Orc      | Found a staircase to the Elven Halls.
 18570 | Orc      | Found Relush's Distillery.
 18570 | Orc      | Found Uhatened's Distillery.
 18600 | Orc      | Found Roocecw's Armour Shop.
 18600 | Orc      | Found Winkyust's Weapon Boutique.
 18608 | Orc      | Bought 25 curare-tipped needles for 105 gold pieces
 18611 | Orc      | Bought a potion of heal wounds for 80 gold pieces
 18843 | Shoals:1 | Entered Level 1 of the Shoals
 18931 | Shoals:1 | Reached skill level 14 in Fighting
 18993 | Shoals:1 | Learned a level 6 spell: Iron Shot
 19065 | Shoals:1 | Reached skill level 10 in Shields
 19098 | Shoals:1 | Reached skill level 1 in Spellcasting
 19109 | Shoals:1 | Identified the +0 bardiche of Wariness {vamp, *Corrode
                  | rElec Dex+9 SInv} (You acquired it on level 1 of the
                  | Shoals)
 19109 | Shoals:1 | Identified the +0 hat "Vaveat" {Str+3} (You acquired it on
                  | level 1 of the Shoals)
 19126 | Shoals:1 | Found a runed gate.
 19126 | Shoals:1 | Found a runed gate.
 19126 | Shoals:1 | Found a runed gate.
 19132 | Shoals:1 | Noticed a frost giant
 19230 | Shoals:1 | Your ally Ortolf died
 19257 | Shoals:1 | Your ally Grimold died
 19303 | Shoals:1 | Killed from afar by a frost giant

Skill      XL: |  1  2  3  4  5  6  7  8  9 10 11 12 13 14 15 |
---------------+----------------------------------------------+-----
Stealth        | 3 4 5 6 |  6.3
Dodging        | 3 4 5 6 |  6.8
Fighting       | 2 3 4 6 8 9 11 12 13 14 | 14.0
Invocations    | 1 3 4 6 7 9 10 11 12 13 | 13.0
Throwing       | 1 2 |  2.6
Armour         | 3 5 7 9 11 12 | 12.4
Shields        | 1 5 9 10 | 10.1
Evocations     | 1 |  1.2
Spellcasting   | 1 |  1.4
Short Blades   | | 14.0
Long Blades    | | 14.0
Axes           | | 14.0
Maces & Flails | | 14.0
Polearms       | | 14.0
Staves         | | 14.0
Unarmed Combat | | 14.0
Conjurations   | |  0.1
Earth Magic    | |  0.8

Action                   |  1- 3 |  4- 6 |  7- 9 | 10-12 | 13-15 || total
-------------------------+-------+-------+-------+-------+-------++-------
Melee: Whip              |    20 |       |       |       |       ||    20
       Dagger            |   101 |    67 |     1 |       |   232 ||   401
       Punch             |     1 |     1 |     1 |     9 |       ||    12
       Broad axe         |       |    68 |   244 |   351 |   541 ||  1204
 Fire: Blowgun           |     1 |       |       |       |       ||     1
Throw: Tomahawk          |       |     5 |       |     5 |    19 ||    29
Invok: Convert to Beogh  |       |     1 |       |       |       ||     1
       Smiting           |       |       |       |     9 |    14 ||    23
       Resurrection      |       |       |       |       |     1 ||     1
Evoke: Wand              |       |       |       |     3 |     4 ||     7
       Sack of spiders   |       |       |       |     1 |       ||     1
       Lamp of fire      |       |       |       |       |     2 ||     2
  Use: Scroll            |       |     8 |     6 |     2 |    14 ||    30
       Potion            |       |       |     6 |     5 |     3 ||    14
 Stab: Sleeping          |     7 |     9 |       |       |       ||    16
       Distracted        |       |       |       |     4 |     2 ||     6
       Paralysed         |       |       |       |     4 |       ||     4
  Eat: Chunk             |     4 |     9 |     8 |    27 |    39 ||    87
       Ration            |       |       |     2 |       |     2 ||     4
Armor: Robe              |    48 |    48 |    29 |       |       ||   125
       Chain mail        |       |       |   144 |   265 |   417 ||   826
Dodge: Dodged            |    72 |    92 |   146 |   194 |   167 ||   671
Block: Medium shield     |       |       |       |     4 |   476 ||   480
